 Dungeon Crawl Stone Soup version 0.17.2-1-ge4368a0 (webtiles) character file.

422 magog001 the Shield-Bearer (level 6, 0/56 HPs)
             Began as a Minotaur Fighter on Nov 12, 2016.
             Succumbed to Goblin1989's ghost's poison
             ... on level 4 of the Dungeon.
             The game lasted 00:16:54 (2695 turns).

magog001 the Shield-Bearer (Minotaur Fighter)       Turns: 2695, Time: 00:16:54

Health: 0/56       AC: 12    Str: 22    XL:     6   Next: 63%
Magic:  5/5        EV:  8    Int:  5    God:
Gold:   59         SH:  7    Dex: 10    Spells: 0 memorised, 5 levels left

rFire  . . .     SeeInvis .     a - +0 war axe
rCold  . . .     Clarity  .     t - +3 chain mail
rNeg   . . .     SustAt   +     q - +2 buckler
rPois  .         Gourm    .     (helmet restricted)
rElec  .         Spirit   .     (no cloak)
rCorr  .         Warding  .     (no gloves)
rMut   .         Stasis   .     (no boots)
MR     +....                    (no amulet)
Stlth  ..........               r - ring of protection from magic
                                f - ring of sustain attributes

@: lethally poisoned (0 -> -60), somewhat resistant to hostile enchantments,
extremely unstealthy
A: retaliatory headbutt, horns 2
a: no special abilities


You were on level 4 of the Dungeon.
You were not hungry.

You visited 1 branch of the dungeon, and saw 4 of its levels.

You collected 59 gold pieces.

Inventory:

Hand Weapons
 a - a +0 war axe (weapon)
 v - a +1 hand axe of electrocution
Missiles
 p - 21 arrows
Armour
 c - a +0 shield
 q - a +2 buckler (worn)
 t - a +3 chain mail (worn)
Jewellery
 f - a ring of sustain attributes (left hand)
 r - a ring of protection from magic (right hand)
Scrolls
 b - a scroll of amnesia {unknown}
 g - a scroll of remove curse {unknown}
 h - 4 scrolls of identify
 j - a scroll of teleportation {unknown}
 s - a scroll of fear
Books
 o - a book of Party Tricks

   Spells                             Type                      Level
   a - Summon Butterflies             Summoning                    1
   b - Apportation                    Translocation                1
   c - Tukima's Dance                 Hexes                        3
   d - Alistair's Intoxication        Transmutation/Poison         4
   e - Invisibility                   Hexes                        6
Comestibles
 e - 2 bread rations
 k - 2 beef jerkies
 l - 3 meat rations
 u - 12 chunks of flesh


   Skills:
 + Level 5.0 Fighting
 + Level 4.5 Axes
 + Level 4.9 Armour
 + Level 2.6 Dodging
 + Level 0.1 Stealth
 + Level 5.6 Shields


You had 5 spell levels left.
You didn't know any spells.

Dungeon Overview and Level Annotations

Branches:
Dungeon (4/15)
 Temple: D:4-7

Altars:
Makhleb
Zin

Annotations:
D:4 Goblin1989's ghost, amateur NaGl


Innate Abilities, Weirdness & Mutations

You reflexively headbutt those who attack you in melee.
You have a pair of horns on your head.


Message History

You feel very sick. Goblin1989's ghost hits you.
* * * LOW HITPOINT WARNING * * *
Drink which item? (? for menu, Esc to quit)
You feel very mighty all of a sudden.
* * * LOW HITPOINT WARNING * * *
You feel very sick.
Goblin1989's ghost ripples.
You block Goblin1989's ghost's attack.
You closely miss Goblin1989's ghost.
Goblin1989's ghost is heavily damaged.
* * * LOW HITPOINT WARNING * * *
You feel very sick.
Goblin1989's ghost hits you but does no damage.
You are more poisoned.
Drink which item? (? for menu, Esc to quit)
Your magical effects are unravelling.
You feel magically purged.
You feel a little less mighty now.
You feel a little less clever now.
You die...

#.#.#...............#
###.#............###..###
............................>
....###.###.......#.#.###.###
#. #.# #.......#.#..<.....
..# #...[...#.#........
#####.......#.#........
#...[######.#........
#...@######..........
#...W.......##.......
##............#.......
#.............########
#.............#
#...............
#.................
..................
...................


You could see Goblin1989's ghost.

Vanquished Creatures
  Sigmund (D:2)
  A phantom (D:4)
  A scorpion (D:4)
  4 adders
  3 worms
  9 orcs
  5 giant cockroaches
  9 goblins
  9 hobgoblins
  3 jackals (D:2)
  5 bats
  4 giant geckos
  3 giant newts
  5 kobolds
  A quokka skeleton (D:4)
  6 rats
69 creatures vanquished.

Notes
Turn   | Place    | Note
--------------------------------------------------------------
     0 | D:1      | magog001 the Minotaur Fighter began the quest for the Orb.
     0 | D:1      | Reached XP level 1. HP: 19/19 MP: 0/0
   195 | D:1      | Reached XP level 2. HP: 27/27 MP: 1/1
   389 | D:1      | Reached skill level 4 in Shields
   858 | D:2      | Noticed Sigmund
   873 | D:2      | Killed Sigmund
   873 | D:2      | Reached skill level 1 in Dodging
   873 | D:2      | Reached skill level 5 in Shields
   873 | D:2      | Reached XP level 3. HP: 29/34 MP: 0/2
   873 | D:2      | Reached XP level 4. HP: 34/41 MP: 0/3
   873 | D:2      | Reached XP level 5. HP: 38/47 MP: 0/4
  1485 | D:2      | Found a glowing silver altar of Zin.
  2381 | D:3      | Reached XP level 6. HP: 55/55 MP: 5/5
  2454 | D:3      | Found a burning altar of Makhleb.
  2566 | D:4      | Reached skill level 5 in Fighting
  2675 | D:4      | Noticed Goblin1989's ghost (amateur NaGl)
  2695 | D:4      | Succumbed to Goblin1989's ghost's poison

Action                   |  1- 3 |  4- 6 || total
-------------------------+-------+-------++-------
Melee: War axe           |    67 |   118 ||   185
  Use: Scroll            |       |     5 ||     5
       Potion            |       |     4 ||     4
  Eat: Chunk             |       |     5 ||     5
       Bread ration      |       |     1 ||     1
